 Dungeon Crawl Stone Soup version 0.27-a0-538-g15ff5c5295 (console) character file.

Game seed: 4051858305329978395

60 Terrapin the Chiller (level 4, -3/30 HPs)
             Began as a Human Wanderer on Mar 7, 2021.
             Slain by a gnoll
             ... wielding a +1 halberd of freezing
              (4 damage)
             ... on level 2 of the Dungeon.
             The game lasted 00:03:35 (1032 turns).

Terrapin the Chiller (Human Wanderer)               Turns: 1032, Time: 00:03:35

Health: -3/30      AC:  2    Str: 10    XL:     4   Next: 24%
Magic:  5/5        EV: 12    Int: 17    God:
Gold:   103        SH:  0    Dex: 11    Spells: 4/5 levels left

rFire    . . .     SeeInvis .   a - +2 short sword
rCold    . . .     Faith    .   (no shield)
rNeg     . . .     Spirit   .   d - +0 robe
rPois    .         Reflect  .   (no helmet)
rElec    .         Harm     .   (no cloak)
rCorr    .         Rampage  .   (no gloves)
Will     .....                  (no boots)
Stlth    +.........             (no amulet)
HPRegen  0.10/turn              (no ring)
MPRegen  0.09/turn              (no ring)

@: no status effects
A: no striking features
a: no special abilities


You were on level 2 of the Dungeon.
You visited 1 branch of the dungeon, and saw 2 of its levels.

You collected 103 gold pieces.

Inventory:

Hand Weapons
 a - a +2 short sword (weapon)
Missiles
 b - 7 silver javelins
 c - 71 stones (quivered)
Armour
 d - a +0 robe (worn)
Scrolls
 e - a scroll of magic mapping {unknown}
 f - a scroll of amnesia {unknown}
 g - a scroll of fear {unknown}
 h - a scroll of immolation {unknown}
 i - a scroll of identify {unknown}


   Skills:
 - Level 1.0 Short Blades
 - Level 1.0 Throwing
 + Level 2.8 Dodging
 - Level 1.0 Spellcasting
 - Level 2.0 Hexes
 * Level 3.6 Ice Magic
 - Level 1.0 Evocations


You had 4 spell levels left.
You knew the following spells:

 Your Spells              Type           Power      Damage    Failure   Level
a - Freeze                Ice            52%        1d7       4%          1

Your spell library contained the following spells:

 Spells                   Type           Power      Damage    Failure   Level
 Ozocubu's Armour         Ice            13%        N/A       14%         3
 Apportation              Tloc           0%         N/A       22%         1
 Gell's Gravitas          Tloc           0%         N/A       54%         3


Dungeon Overview and Level Annotations

Branches:
Dungeon (2/15)

Altars:
Gozag


Message History

The bat is severely wounded.
The bat closely misses you.
The gnoll throws a throwing net.
The throwing net completely misses you. The bat hits you but does no damage.
The bat misses you.
A gnoll comes into view. It is wielding a +0 halberd.
You see here a hobgoblin corpse.
You hit the gnoll.
The gnoll is lightly wounded.
The bat closely misses you.
A gnoll comes into view.
It is wielding a +1 halberd of freezing.
You hit the gnoll.
The gnoll is heavily wounded.
The bat closely misses you. The bat hits you but does no damage.
The gnoll hits you with a +2 flail of protection!
You are too injured to fight recklessly!
Unknown command.
Casting: Freeze (safe; 5% risk of failure)
Confirm with . or Enter, or press ? or * to list all spells.
Aiming: Freeze (safe; 5% risk of failure)
Press: ? - help, Shift-Dir - straight line, f - gnoll
Aim: a gnoll, wielding a +2 flail of protection and quivering a throwing net (heavily wounded)
You freeze the gnoll.
The gnoll is almost dead.
The bat hits you but does no damage.
Unknown command.
You hit the gnoll.
You kill the gnoll!
The bat closely misses you.
Unknown command.
The bat hits you.
You barely miss the bat. The bat closely misses you.
You hit the bat.
You kill the bat!
The gnoll closely misses you.
You see here a throwing net.
The gnoll barely misses you.
The gnoll hits you from afar with a +1 halberd of freezing!
* * * LOW HITPOINT WARNING * * *
The gnoll freezes you.
You die...

...........#.$8#
#...$.$.$.$.$._# ..
........†).#.$8#..#
#....####.######..# #.##
#.........# ##. #g......[..
#...#### #.###.....#
#......###(##......# ...
#.@gg........# ..#
#####.......## . #.#
#.......###. .. #.#
#......>.... #. #.# ##...######
###.# #.# #...# .....#### #.#
#...#
........###.########...########
........................)......


You could see 2 gnolls.

Vanquished Creatures
  A worker ant (D:2)
  A gnoll (D:2)
  A dart slug (D:1)
  6 bats
  A giant cockroach (D:1)
  4 goblins (D:1)
  5 hobgoblins
  2 frilled lizards (D:1)
  4 kobolds (D:1)
  2 rats (D:1)
27 creatures vanquished.

Notes
Turn   | Place    | Note
-------+----------+-------------------------------------------
     0 | D:1      | Terrapin the Human Wanderer began the quest for the Orb.
     0 | D:1      | Terrapin set off with the following items: a +2 short
                  | sword, a +0 robe; and the following spells available to
                  | memorise: Freeze, Apportation, Ozocubu's Armour, Gell's
                  | Gravitas
     0 | D:1      | Reached XP level 1. HP: 13/13 MP: 2/2
     2 | D:1      | Learned a level 1 spell: Freeze
   146 | D:1      | Reached XP level 2. HP: 13/19 MP: 3/3
   580 | D:1      | Reached XP level 3. HP: 14/24 MP: 1/4
   916 | D:2      | Reached skill level 3 in Ice Magic
  1003 | D:2      | Found an opulent altar of Gozag.
  1010 | D:2      | Reached XP level 4. HP: 26/30 MP: 5/5
  1032 | D:2      | HP: 1/30 [gnoll/+1 halberd of freezing (13)]
  1032 | D:2      | Slain by a gnoll

Illustrated notes

Levels and vault maps discovered:
D:1:      minmay_arrival_four_houses, layout_rooms
D:2:      layout_loops_cross, grunt_gozag_breadcrumbs

Skill      XL: |  1  2  3 |
---------------+----------+-----
Ice Magic      | 3 |  3.6
Short Blades   | |  1.0
Throwing       | |  1.0
Dodging        | |  2.8
Spellcasting   | |  1.0
Hexes          | |  2.0
Evocations     | |  1.0

Action                   |  1- 3 |  4- 6 || total
-------------------------+-------+-------++-------
Melee: Short sword       |    50 |     9 ||    59
 Cast: Freeze            |    19 |     1 ||    20
Armor: Robe              |    22 |     4 ||    26
Dodge: Dodged            |    48 |    12 ||    60

Table legend: (Time is in decaauts)
 A = Elapsed time spent in this place.
 B = Non-inter-level travel time spent in this place.
 C = Inter-level travel time spent in this place.
 D = Time resting spent in this place.
 E = Time spent auto-exploring this place.
 F = Levels seen in this place.
 G = Mean time per level.
                   A        B        C        D        E       F      G
               +--------+--------+--------+--------+--------+-----+--------+
         Total |   1034 |   1001 |     33 |    415 |    378 |   2 |  517.0 |
       Dungeon |   1034 |   1001 |     33 |    415 |    378 |   2 |  517.0 |
               +--------+--------+--------+--------+--------+-----+--------+

Top non-repeatable levels by time:
     D:1: 881 daAuts
     D:2: 153 daAuts
